 Dungeon Crawl Stone Soup version 0.31-a0-473-g61b50ae490 (webtiles) character file.

Game seed: 499242709538982415

106 quinnr the Gusty (level 4, -3/26 HPs)
             Began as a Tengu Air Elementalist on Aug 6, 2023.
             Was an Initiate of Vehumet.
             Slain by a black bear (7 damage)
             ... on level 6 of the Dungeon.
             The game lasted 00:06:51 (2647 turns).

quinnr the Gusty (Tengu Air Elementalist)           Turns: 2647, Time: 00:06:52

Health: -3/26      AC:  2    Str:  8    XL:     4   Next: 84%
Magic:  3/8        EV: 13    Int: 17    God:    Vehumet [......]
Gold:   114        SH:  0    Dex: 15    Spells: 3/7 levels left

rFire   . . .        (no weapon)
rCold   . . .        (no shield)
rNeg    . . .        a - +0 robe
rPois   .            (helmet restricted)
rElec   .            (no cloak)
rCorr   .            (no gloves)
SInv    .            (boots unavailable)
Will    .....        (no amulet)
Stlth   ++           (no ring)
HPRegen 0.24/turn    (no ring)
MPRegen 0.11/turn

%: no passive effects
@: very slightly contaminated
A: beak, talons 3
a: Renounce Religion


You were on level 6 of the Dungeon.
You worshipped Vehumet.
Vehumet was noncommittal.
You visited 2 branches of the dungeon, and saw 5 of its levels.

You collected 114 gold pieces.


Innate Abilities, Weirdness & Mutations

You have a beak for a mouth.
You have claws for feet.


   Skills:
 + Level 2.0 Fighting
 - Level 3.0 Dodging
 + Level 2.5 Stealth
 - Level 2.0 Spellcasting
 + Level 2.1 Conjurations
 + Level 5.2 Air Magic


You had 3 spell levels left.
You knew the following spells:

 Your Spells              Type           Power      Damage    Failure   Level
i - Swiftness             Air            19%        N/A       7%          3
z - Shock                 Conj/Air       56%        1d6       4%          1

Your spell library contained the following spells:

 Spells                   Type           Power      Damage    Failure   Level
 Static Discharge         Conj/Air       28%        2-4/arc   6%          2
 Necrotise                Necr           4%         1d4       19%         1
 Sandblast                Erth           2%         2d4       19%         1
 Passwall                 Tmut/Erth      0%         N/A       28%         2
 Stone Arrow              Conj/Erth      10%        3d7       36%         3
 Vampiric Draining        Necr           1%         2d6       50%         3
 Airstrike                Air            9%         2d(2-18)  22%         4
 Animate Dead             Necr           1%         N/A       88%         4
 Agony                    Necr           1%         N/A       99%         5
 Borgnjor's Vile Clutch   Necr/Erth      0%         N/A       99%         5
 Death Channel            Necr           0%         N/A       100%        6
 Chain Lightning          Conj/Air       7%         3d9       100%        9
 Fire Storm               Conj/Fire      2%         8d1       100%        9
 Shatter                  Erth           0%         3d5*      100%        9

Inventory:

Armour
 a - a +0 robe (worn)
Scrolls
 c - a scroll of brand weapon {unknown}
 d - 4 scrolls of enchant armour {unknown}
 e - 2 scrolls of identify {unknown}
 f - 2 scrolls of teleportation {@r2}
Potions
 b - 2 potions of magic
 g - a potion of enlightenment {unknown}
 h - a potion of lignification {unknown}
 i - a potion of mutation {unknown}

Dungeon Overview and Level Annotations

Branches:
Dungeon (6/15)             Temple (1/1) D:6

Altars:
Ashenzari
Dithmenos
Fedhas
Kikubaaqudgha
Nemelex Xobeh
Uskayaw
Vehumet
Wu Jian
Yredelemnul
Zin

Shops:
D:3 [

Annotations:
D:3 1 runed translucent door, Crazy Yiuf

.....##............
..............=....
.▒.▒▒....▒.▒.▒.....
▒....▒▒.▒.▒.▒$.:..
...▒...............
...▒.▒▒.▒.▒▒5▒....
. ......▒....▒....
▒.▒.▒..h▒....##
..▒.▒.@.▒.▒▒(.#
▒................
▒....▒.▒.▒.....#.
...▒▒.▒.▒.▒.▒.. #
▒. . ......▒.# ▒ .▒
▒▒.▒... # ▒. . .▒▒
. ..


You could see a black bear (berserk) and a white imp.


Message History

You climb upwards.
Welcome back to the Dungeon!
There is a staircase to the Ecumenical Temple here.
A black bear is nearby!
The zap hits the black bear.
The black bear is moderately wounded.
The black bear growls angrily.
The zap hits the black bear.
The black bear is heavily wounded.
A white imp comes into view.
Casting: Shock (safe; 4% risk of failure)
Confirm with . or Enter, or press ? or * to list all spells.
You don't know that spell.
The zap hits the black bear.
The black bear is heavily wounded.
The zap misses the black bear.
You miscast Shock.
You are very lightly contaminated with residual magic.
Nothing appears to happen.
The white imp gestures at you. The puff of frost hits you!
The zap hits the black bear.
The black bear is severely wounded.
The black bear goes berserk!
You hear a shout!
There is a staircase to the Ecumenical Temple here.
The black bear bites you. The black bear barely misses you.
The black bear closely misses you. The black bear bites you!
* * * LOW HITPOINT WARNING * * *
The black bear misses you. The black bear claws you!
You die...

Skill      XL: |  1  2  3  4 |
---------------+-------------+-----
Dodging        | 3 |  3.0
Air Magic      | 5 |  5.2
Fighting       | 1 2 |  2.0
Conjurations   | 2 |  2.1
Stealth        | |  2.5
Spellcasting   | |  2.0

Action                     |  1- 3 |  4- 6 || total
---------------------------+-------+-------++-------
  Melee: Unarmed           |    11 |     2 ||    13
         Kick              |     3 |     2 ||     5
         Peck              |     2 |     1 ||     3
   Cast: Shock             |    72 |    33 ||   105
    Use: Scroll            |     1 |       ||     1
 Armour: Robe              |     7 |     2 ||     9
  Dodge: Dodged            |    23 |    11 ||    34

Levels and vault maps discovered:
D:1:      lemuel_arrival_lava_pool, layout_loops_corners,
          serial_co_window_serial, co_window_corner_a, co_window_paths_b,
          co_window_paths_a, co_window_corner_a, co_window_of_opportunity_a,
          co_window_corner_ca, co_window_broadway_a, co_window_unsneaky_path_b,
          co_window_corner_ca, co_window_4corner_a, co_window_4corner_b,
          serial_shops, shop
D:2:      layout_basic, basic_altar
D:3:      layout_basic, mainiacjoe_overflow_alcove_1, serial_shops,
          nicolae_shop_tiny_glass, shapermc_ecumenical_altar_mp_vishouse,
          chequers_serial_rivers_micro_b, uniq_crazy_yiuf_cottage
D:6:      gammafunk_cloud_chamber, layout_cave_pools, minmay_temple_entry_ruins
Temple:   hellmonk_temple_rainy

Notes
Turn   | Place    | Note
-------+----------+-------------------------------------------
     0 | D:1      | quinnr the Tengu Air Elementalist began the quest for the
                  | Orb.
     0 | D:1      | Reached XP level 1. HP: 10/10 MP: 4/4
   264 | D:1      | Reached XP level 2. HP: 12/15 MP: 0/6
   831 | D:2      | Reached skill level 3 in Dodging
   898 | D:2      | Found a shadowy altar of Dithmenos.
   911 | D:2      | Reached XP level 3. HP: 19/19 MP: 3/7
   925 | D:2      | Reached skill level 5 in Air Magic
  1031 | D:2      | Reached skill level 1 in Fighting
  1203 | D:2      | Learned a level 3 spell: Swiftness
  1841 | D:3      | Found a faded altar of an unknown god.
  1868 | D:3      | Found a blossoming altar of Fedhas.
  1997 | D:3      | Reached XP level 4. HP: 13/26 MP: 2/8
  2299 | D:3      | Found Ebriuf's Armour Emporium.
  2406 | D:3      | Found a runed translucent door.
  2407 | D:3      | Noticed Crazy Yiuf
  2557 | D:3      | You fall into a shaft and drop 3 floors!
  2562 | D:6      | Found a staircase to the Ecumenical Temple.
  2563 | D:6      | Noticed a black bear
  2575 | D:6      | Reached skill level 2 in Fighting
  2575 | D:6      | Reached skill level 2 in Conjurations
  2577 | Temple   | Entered the Ecumenical Temple
  2591 | Temple   | Became a worshipper of Vehumet
  2647 | D:6      | Slain by a black bear

Vanquished Creatures
  An iguana (D:6)
  3 adders
  2 dart slugs (D:3)
  2 orcs (D:3)
  2 endoplasms (D:1)
  A giant cockroach (D:1)
  4 goblins
  3 hobgoblins (D:3)
  3 jackals (D:2)
  2 quokkas
  2 ball pythons
  8 bats
  4 frilled lizards
  8 kobolds
  A rat (D:3)
46 creatures vanquished.

Table legend: (Time is in decaauts)
 A = Elapsed time spent in this place.
 B = Non-inter-level travel time spent in this place.
 C = Inter-level travel time spent in this place.
 D = Time resting spent in this place.
 E = Time spent auto-exploring this place.
 F = Levels seen in this place.
 G = Mean time per level.
                   A        B        C        D        E       F      G
               +--------+--------+--------+--------+--------+-----+--------+
         Total |   2646 |   2618 |     28 |     28 |   2255 |   5 |  529.2 |
       Dungeon |   2589 |   2567 |     22 |      0 |   2255 |   4 |  647.2 |
        Temple |     56 |     50 |      6 |     28 |      0 |   1 |   56.0 |
               +--------+--------+--------+--------+--------+-----+--------+

Top non-repeatable levels by time:
     D:2: 1118 daAuts
     D:3: 874 daAuts
     D:1: 563 daAuts
  Temple: 56 daAuts
     D:6: 33 daAuts

Table legend:
 A = Non-vault XP
 B = Vault XP
 C = Vault XP percentage of total XP
 D = Non-vault monster count
 E = Vault monster count
 F = Vault count percentage of total count
                 A         B        C        D         E       F
            +---------+---------+-------+---------+---------+-------
      Total |     152 |       0 |   0.0 |      46 |       0 |   0.0
            +---------+---------+-------+---------+---------+-------
        D:1 |      16 |       0 |   0.0 |      10 |       0 |   0.0
        D:2 |      55 |       0 |   0.0 |      20 |       0 |   0.0
        D:3 |      42 |       0 |   0.0 |      15 |       0 |   0.0
        D:6 |      39 |       0 |   0.0 |       1 |       0 |   0.0
            +---------+---------+-------+---------+---------+-------

Levels and vault maps discovered:
D:1:      lemuel_arrival_lava_pool, layout_loops_corners,
          serial_co_window_serial, co_window_corner_a, co_window_paths_b,
          co_window_paths_a, co_window_corner_a, co_window_of_opportunity_a,
          co_window_corner_ca, co_window_broadway_a, co_window_unsneaky_path_b,
          co_window_corner_ca, co_window_4corner_a, co_window_4corner_b,
          serial_shops, shop
D:2:      layout_basic, basic_altar
D:3:      layout_basic, mainiacjoe_overflow_alcove_1, serial_shops,
          nicolae_shop_tiny_glass, shapermc_ecumenical_altar_mp_vishouse,
          chequers_serial_rivers_micro_b, uniq_crazy_yiuf_cottage
D:6:      gammafunk_cloud_chamber, layout_cave_pools, minmay_temple_entry_ruins
Temple:   hellmonk_temple_rainy
